 Dungeon Crawl Stone Soup version 0.30.0-29-ga12c61a403 (webtiles) character file.

Game seed: 3756969981014314489

227 qw the Chopper (level 6, 0/38 HPs)
             Began as a Gargoyle Fighter on June 5, 2023.
             Slain by an orc
             ... wielding a +0 hand axe
              (6 damage)
             ... on level 4 of the Dungeon.
             The game lasted 00:01:11 (2491 turns).

qw the Chopper (Gargoyle Fighter)                   Turns: 2491, Time: 00:01:12

Health: 0/38       AC: 12    Str: 22    XL:     6   Next: 2%
Magic:  6/6        EV: 14    Int:  8    God:
Gold:   136        SH:  4    Dex:  9    Spells: 5/5 levels left

rFire   . . .        Y - +2 war axe
rCold   . . .        c - +0 buckler
rNeg    + . .        b - +0 scale mail
rPois   inf          (no helmet)
rElec   +            (no cloak)
rCorr   .            (no gloves)
SInv    .            k - +0 pair of boots
Will    .....        (no amulet) Stlth
                     j - +5 ring of evasion
HPRegen 0.26/turn    (no ring)
MPRegen 0.10/turn

%: no passive effects
@: weak-willed
A: sickness immunity, AC +4, negative energy resistance 1, electricity
resistance, torment resistance 1, petrification resistance
a: no special abilities


You were on level 4 of the Dungeon.
You visited 1 branch of the dungeon, and saw 4 of its levels.

You collected 136 gold pieces.


Innate Abilities, Weirdness & Mutations

You are immune to sickness and miasma.
Your stone body is resilient. (AC +4)
You are immune to poison.
You resist negative energy. (rN+)
You are resistant to electric shocks. (rElec)
You are resistant to unholy torment.
You are immune to petrification.


   Skills:
 - Level 4.0 Fighting
 - Level 5.0 Axes
 - Level 3.2 Armour
 + Level 0.5 Dodging
 - Level 3.2 Shields


You had 5 spell levels left.
You didn't know any spells.
Your spell library was empty.

Inventory:

Hand Weapons
 m - a +0 whip
 Y - a +2 war axe (weapon)
Armour
 b - a +0 scale mail (worn)
 c - a +0 buckler (worn)
 k - a +0 pair of boots (worn)
Jewellery
 j - a +5 ring of evasion (left hand)
Potions
 a - a potion of attraction {unknown}
 d - a potion of might
 e - a potion of lignification {unknown}
 f - a potion of magic {unknown}
 g - a potion of heal wounds {unknown}
 l - a potion of ambrosia {unknown}

Dungeon Overview and Level Annotations

Branches:
Dungeon (4/15)
 Temple: D:4-7

Altars:
Gozag


Message History

Pain shoots through your body! The orc misses you.
Something hits you but does no damage.
You completely miss the orc priest.
The orc priest is severely wounded.
You closely miss something. You hit the orc. The orc priest misses you.
The orc barely misses you. Something hits you but does no damage.
You block the orc priest's attack. Something hits you.
The orc closely misses you.
You completely miss the orc.
The orc is almost dead.
You completely miss something. You barely miss the orc priest.
You block the orc priest's attack.
You hear some strange, mumbled words.
Something tries to affect you, but you resist.
You block the orc's attack.
You closely miss the orc.
The orc is almost dead.
You barely miss something. You barely miss the orc priest.
The orc priest calls upon Beogh to heal the orc.
The orc is healed somewhat.
The orc hits you with a +0 hand axe. Something hits you.
You barely miss the orc priest.
The orc priest is severely wounded.
You completely miss the orc. You closely miss something.
The orc priest hits you with a +0 mace. The orc barely misses you.
Something hits you.
You barely miss the orc priest.
The orc priest is severely wounded.
You closely miss the orc. You barely miss something.
The orc priest hits you but does no damage.
The orc hits you but does no damage. Something hits you but does no damage.
You closely miss the orc priest.
The orc priest is heavily wounded.
You closely miss the orc. You hit something. You block the orc's attack.
The orc priest hits you with a +0 mace. Something barely misses you.
You hear some strange, mumbled words.
Something tries to affect you, but you resist.
The orc hits you with a +0 hand axe.
You die...

.# # #+## ...###
.... . ... .....
##...### .....
###.#....##
......+.....>....
......###<..#
......).....#
......o@....#
......{o.......#
.........#..##..
.........#..# #
.........#..#
####.....#...
#.....# ###
#.....#


You could see an orc priest and an orc.

Vanquished Creatures
  2 vampire bats (D:3)
  A hound (D:3)
  4 adders
  2 worms
  6 orcs
  4 endoplasms
  2 giant cockroaches (D:3)
  2 goblins
  4 hobgoblins
  3 jackals (D:3)
  4 quokkas
  4 ball pythons
  11 bats
  4 frilled lizards
  8 kobolds
  7 rats
68 creatures vanquished.

Notes
Turn   | Place    | Note
-------+----------+-------------------------------------------
     0 | D:1      | qw the Gargoyle Fighter began the quest for the Orb.
     0 | D:1      | Reached XP level 1. HP: 14/14 MP: 1/1
     0 | D:1      | 0 ||| qw: Version: 0.2-a-108-gee2c290
     0 | D:1      | 0 ||| qw: Game counter: 1461
     0 | D:1      | 0 ||| qw: Always use a shield: true
     0 | D:1      | 0 ||| qw: God list: Okawaru
     0 | D:1      | 0 ||| qw: Allow faded altars: false
     0 | D:1      | 0 ||| qw: Do Orc after D:15 true
     0 | D:1      | 0 ||| qw: Do second Lair branch before Depths: true
     0 | D:1      | 0 ||| qw: Lair rune preference: random
     0 | D:1      | 0 ||| qw: Plans: Normal, Zot:1-4, Slime:5, God:TSO, Crypt,
                  | Tomb, Abyss, Pan, Hells, Win
     0 | D:1      | 0 ||| PLANNING D:1-11
    72 | D:1      | Reached skill level 2 in Axes
   200 | D:1      | Reached XP level 2. HP: 18/19 MP: 2/2
   338 | D:1      | 338 ||| Stepping ~*~*~tactically~*~*~ (stealth).
   814 | D:1      | 814 ||| Stepping ~*~*~tactically~*~*~ (hiding).
  1000 | D:1      | 1000 ||| UPGRADING to +5 ring of evasion.
  1001 | D:1      | 1001 ||| READING 2 scrolls labelled XUIPLE ESAENO.
  1002 | D:1      | 1002 ||| READING scroll labelled QUSURA VISO.
  1003 | D:1      | 1003 ||| READING scroll labelled HEKLOE XEAC.
  1004 | D:1      | 1004 ||| DROPPING scroll of poison.
  1031 | D:2      | 1031 ||| STAIRDANCE
  1098 | D:2      | 1098 ||| Stepping ~*~*~tactically~*~*~ (stealth).
  1134 | D:2      | Reached skill level 3 in Axes
  1181 | D:2      | Reached XP level 3. HP: 23/23 MP: 3/3
  1197 | D:2      | 1197 ||| Stepping ~*~*~tactically~*~*~ (stealth).
  1504 | D:2      | Found an opulent altar of Gozag.
  1524 | D:2      | Reached XP level 4. HP: 17/28 MP: 4/4
  1765 | D:2      | 1765 ||| UPGRADING to +0 pair of boots.
  1770 | D:2      | 1770 ||| READING scroll labelled ACOX NOXZUIGO.
  1771 | D:2      | 1771 ||| READING scroll labelled DIFAOMPOCA.
  1800 | D:3      | 1800 ||| Stepping ~*~*~tactically~*~*~ (hiding).
  1809 | D:3      | Reached skill level 4 in Axes
  1911 | D:3      | 1911 ||| Stepping ~*~*~tactically~*~*~ (stealth).
  1935 | D:3      | 1935 ||| READING scroll of enchant weapon.
  1935 | D:3      | 1935 ||| ENCHANTING +1 war axe.
  2088 | D:3      | Reached XP level 5. HP: 29/32 MP: 5/5
  2141 | D:3      | 2141 ||| DROPPING +0 club.
  2191 | D:3      | Reached skill level 5 in Axes
  2362 | D:3      | Reached XP level 6. HP: 38/38 MP: 6/6
  2451 | D:3      | 2451 ||| READING scroll labelled NUERRO LEGRUOX.
  2489 | D:4      | HP: 9/38 [something (2)]
  2491 | D:4      | Slain by an orc

Levels and vault maps discovered:
D:1:      nicolae_arrival_memento_mori, layout_loops_corners
D:2:      layout_loops_cross, basic_altar
D:3:      layout_loops_ring, minmay_misc_feat_five, grunt_ministairs_15,
          roderic_batcave
D:4:      layout_basic

Skill      XL: |  1  2  3  4  5 |
---------------+----------------+-----
Axes           | 2 3 4 5 |  5.0
Fighting       | 4 |  4.0
Armour         | |  3.2
Dodging        | |  0.5
Shields        | |  3.2

Action                     |  1- 3 |  4- 6 || total
---------------------------+-------+-------++-------
  Melee: War axe           |    82 |   126 ||   208
    Use: Scroll            |     3 |     4 ||     7
 Armour: Scale mail        |    35 |    63 ||    98
  Dodge: Dodged            |    25 |   124 ||   149
  Block: Buckler           |    12 |    33 ||    45

Table legend:
 A = Non-vault XP
 B = Vault XP
 C = Vault XP percentage of total XP
 D = Non-vault monster count
 E = Vault monster count
 F = Vault count percentage of total count
                 A         B        C        D         E       F
            +---------+---------+-------+---------+---------+-------
      Total |     196 |     129 |  39.7 |      58 |      10 |  14.7
            +---------+---------+-------+---------+---------+-------
        D:1 |      28 |       0 |   0.0 |      16 |       0 |   0.0
        D:2 |      57 |       0 |   0.0 |      12 |       0 |   0.0
        D:3 |     105 |     129 |  55.1 |      28 |      10 |  26.3
        D:4 |       6 |       0 |   0.0 |       2 |       0 |   0.0
            +---------+---------+-------+---------+---------+-------
